 Dungeon Crawl Stone Soup version 0.27.1-3-gb3d3a73c9e (webtiles) character file.

Game seed: 12879576546155832305

2731 Urokeeper the Basher (level 9, -2/81 HPs)
             Began as a Minotaur Berserker on Oct 26, 2021.
             Was an Elder of Trog.
             Slain by an eight-headed hydra (5 damage)
             ... on level 6 of the Dungeon.
             The game lasted 00:16:15 (7181 turns).

Urokeeper the Basher (Minotaur Berserker)           Turns: 7181, Time: 00:16:17

Health: -2/81      AC: 11    Str: 24    XL:     9   Next: 40%
Magic:  8/8        EV:  9    Int:  4    God:    Trog [****..]
Gold:   356        SH: 10    Dex: 17    Spells: 8/8 levels left

rFire    . . .     SeeInvis .   p - +1 flail
rCold    . . .     Faith    +   z - +0 kite shield
rNeg     . . .     Spirit   .   q - +0 chain mail
rPois    .         Reflect  .   (helmet restricted)
rElec    .         Harm     .   (no cloak)
rCorr    .         Rampage  .   g - +0 pair of gloves
Will     .....                  (no boots)
Stlth    ..........             k - amulet of faith
HPRegen  0.23/turn              l - +6 ring of dexterity
MPRegen  0.11/turn              C - ring of flight

@: on berserk cooldown, flying, slowed, very slow
A: horns 2, retaliatory headbutt
a: Renounce Religion, Berserk, Trog's Hand, Brothers in Arms


You were on level 6 of the Dungeon.
You worshipped Trog.
Trog was greatly pleased with you.
You visited 1 branch of the dungeon, and saw 6 of its levels.

You collected 356 gold pieces.

Inventory:

Hand Weapons
 p - a +1 flail (weapon)
Armour
 g - a +0 pair of gloves (worn)
 h - a +0 leather armour
 q - a +0 chain mail (worn)
 z - a +0 kite shield (worn)
Jewellery
 k - an amulet of faith (around neck)
 l - a +6 ring of dexterity (left hand)
 s - a ring of magical power
 C - a ring of flight (right hand)
Wands
 i - a wand of paralysis (10) (quivered)
 u - a wand of polymorph (9)
 x - a wand of flame (8)
Scrolls
 c - a scroll of silence {unknown}
 d - a scroll of torment
 e - 2 scrolls of teleportation {unknown}
 m - 2 scrolls of noise
 n - 2 scrolls of enchant weapon
 y - a scroll of blinking {unknown}
 A - a scroll of enchant armour {unknown}
Potions
 a - 2 potions of haste {unknown}
 b - a potion of magic {unknown}
 f - 3 potions of heal wounds
 j - a potion of berserk rage {unknown}
 o - 2 potions of ambrosia {unknown}
 r - a potion of cancellation {unknown}
 t - a potion of lignification {unknown}
 v - a potion of degeneration {unknown}
 w - 2 potions of curing {unknown}
 B - a potion of flight {unknown}


   Skills:
 + Level 7.9 Fighting
 + Level 9.5 Maces & Flails
 + Level 7.3 Armour
 + Level 6.6 Dodging
 + Level 3.8 Shields


You had 8 spell levels left.
You didn't know any spells.
Your spell library was empty.

Dungeon Overview and Level Annotations

Branches:
Dungeon (6/15)             Temple (0/1) D:6

Altars:
Kikubaaqudgha
Xom

Annotations:
D:6 1 runed translucent door, Crazy Yiuf


Innate Abilities, Weirdness & Mutations

You have a pair of horns on your head.
You reflexively headbutt those who attack you in melee.


Message History

The eight-headed hydra bites you but does no damage.
The eight-headed hydra bites you.
You block the eight-headed hydra's attack.
Okay, then.
You barely miss the eight-headed hydra. You headbutt the eight-headed hydra.
The eight-headed hydra is heavily wounded.
Your ogre hits the eight-headed hydra with a +0 giant club.
The eight-headed hydra bites your ogre! x3
The eight-headed hydra bites your ogre.
Your ogre dies!
Your ogre's corpse disappears in a puff of smoke!
You block the eight-headed hydra's attack.
The eight-headed hydra bites you but does no damage.
You block the eight-headed hydra's attack.
The eight-headed hydra bites you!
You block the eight-headed hydra's attack.
The eight-headed hydra bites you.
The eight-headed hydra closely misses you.
You block the eight-headed hydra's attack. x2
The eight-headed hydra bites you! x2
* * * LOW HITPOINT WARNING * * *
The eight-headed hydra bites you!
* * * LOW HITPOINT WARNING * * *
The wyvern zombie bites you but does no damage.
There is an open door, spattered with blood here.
Things that are here:
a +0 giant spiked club; a +0 giant spiked club You feel much better.
The wyvern zombie bites you!
* * * LOW HITPOINT WARNING * * *
You block the eight-headed hydra's attack. x2
The eight-headed hydra bites you!
* * * LOW HITPOINT WARNING * * *
The eight-headed hydra bites you.
* * * LOW HITPOINT WARNING * * *
The eight-headed hydra closely misses you.
The eight-headed hydra bites you but does no damage.
The eight-headed hydra bites you.
* * * LOW HITPOINT WARNING * * *
The eight-headed hydra bites you.
You die...

##............
##........... ####
###+#####...........
##...##.........#.#.......
#.....#.........#.........
#.....)..8................
#...................
#.DZ...............#
###@#####..........#
##...## #..........#
#.....# #..........#
#.....# #...#####...
#.....###.......#...
##...##.....>.......
#######....##.#....
#####.#.......
##..#..#.......


You could see an eight-headed hydra and a wyvern zombie.

Vanquished Creatures
  A two-headed ogre (D:6)
  Pikel (D:6)
  Duvessa (D:6)
  A sky beast (D:6)
  2 ice beasts
  An orc warrior (D:5)
  2 ogres
  A centaur (D:5)
  A lemure (D:6)
  A phantom (D:5)
  A scorpion (D:6)
  2 gnoll sergeants
  Dowan (D:6)
  2 wyvern skeletons
  A howler monkey (D:4)
  A centaur zombie (D:6)
  2 hounds
  3 orc priests
  A bullfrog skeleton (D:5)
  3 centaur skeletons
  3 jellies
  2 iguanas
  2 orc wizards
  A howler monkey skeleton (D:6)
  7 gnolls
  5 adders
  A white imp (D:5)
  2 ufetubi
  An adder skeleton (D:4)
  3 worms
  2 dart slugs
  15 orcs
  6 ball pythons
  12 endoplasms
  A giant cockroach (D:4)
  6 goblins
  7 hobgoblins
  2 jackals (D:5)
  6 kobolds
  3 quokkas
  3 bats
  5 frilled lizards
  8 rats
132 creatures vanquished.

Vanquished Creatures (collateral kills)
  An ogre (D:6)
1 creature vanquished.

Grand Total: 133 creatures vanquished

Notes
Turn   | Place    | Note
-------+----------+-------------------------------------------
     0 | D:1      | Urokeeper the Minotaur Berserker began the quest for the
                  | Orb.
     0 | D:1      | Reached XP level 1. HP: 19/19 MP: 0/0
   197 | D:1      | Reached XP level 2. HP: 25/27 MP: 1/1
   224 | D:1      | Reached skill level 4 in Maces & Flails
   425 | D:1      | Found a faded altar of an unknown god.
  1134 | D:2      | Reached XP level 3. HP: 33/33 MP: 2/2
  1652 | D:2      | Reached XP level 4. HP: 40/40 MP: 3/3
  1840 | D:2      | Reached ** piety under Trog
  2179 | D:3      | Reached skill level 5 in Maces & Flails
  2279 | D:3      | Reached XP level 5. HP: 34/47 MP: 4/4
  3338 | D:4      | Reached XP level 6. HP: 44/55 MP: 5/5
  3396 | D:4      | Reached *** piety under Trog
  3399 | D:4      | Reached skill level 5 in Fighting
  3602 | D:4      | Reached skill level 6 in Maces & Flails
  4167 | D:5      | Entered Level 5 of the Dungeon
  4415 | D:5      | Found a shimmering altar of Xom.
  4551 | D:5      | Reached XP level 7. HP: 44/61 MP: 6/6
  4659 | D:5      | Reached skill level 7 in Maces & Flails
  4857 | D:5      | Reached skill level 5 in Armour
  5117 | D:5      | Found an ancient bone altar of Kikubaaqudgha.
  5175 | D:5      | Reached **** piety under Trog
  5200 | D:5      | Reached skill level 5 in Dodging
  5200 | D:5      | Reached XP level 8. HP: 24/70 MP: 7/7
  5489 | D:5      | Reached skill level 8 in Maces & Flails
  6298 | D:6      | Reached skill level 1 in Shields
  6329 | D:6      | Noticed Duvessa
  6329 | D:6      | Noticed Dowan
  6336 | D:6      | Killed Duvessa
  6339 | D:6      | Killed Dowan
  6478 | D:6      | Reached skill level 9 in Maces & Flails
  6728 | D:6      | Noticed Pikel
  6769 | D:6      | Paralysed by Pikel for 6 turns
  6778 | D:6      | Killed Pikel
  6779 | D:6      | Reached XP level 9. HP: 65/79 MP: 8/8
  6981 | D:6      | Found a staircase to the Ecumenical Temple.
  7046 | D:6      | Found a runed translucent door.
  7047 | D:6      | Noticed Crazy Yiuf
  7157 | D:6      | Noticed a two-headed ogre
  7161 | D:6      | Killed a two-headed ogre
  7173 | D:6      | Noticed an eight-headed hydra
  7181 | D:6      | HP: 3/81 [eight-headed hydra (3)]
  7181 | D:6      | Slain by an eight-headed hydra

Illustrated notes

Levels and vault maps discovered:
D:1:      giann_wishing_wells, layout_basic, shapermc_ecumenical_altar_pompeii
D:2:      layout_loops_cross
D:3:      layout_basic
D:4:      layout_cave_pools, minmay_misc_feat_secret_circle, grunt_tough_drop
D:5:      layout_basic, mainiacjoe_overflow_catch_the_wave
D:6:      layout_cave_pools, minmay_temple_entry_offerings, minmay_three_doors,
          uniq_duvessa, uniq_pikel, uniq_crazy_yiuf_cottage

Skill      XL: |  1  2  3  4  5  6  7  8  9 |
---------------+----------------------------+-----
Maces & Flails | 4 5 6 7 9 |  9.5
Fighting       | 4 5 6 7 |  7.9
Armour         | 3 4 5 6 7 |  7.3
Dodging        | 3 4 5 6 |  6.6
Shields        | 3 |  3.8

Action                   |  1- 3 |  4- 6 |  7- 9 || total
-------------------------+-------+-------+-------++-------
Melee: Mace              |    49 |    50 |       ||    99
       Headbutt          |     4 |    32 |    28 ||    64
       Flail             |       |    91 |   134 ||   225
Throw: Throwing net      |       |       |     1 ||     1
Invok: Berserk           |     2 |     4 |     8 ||    14
       Brothers in Arms  |       |       |     2 ||     2
Evoke: Wand              |       |       |     2 ||     2
  Use: Scroll            |       |     3 |       ||     3
       Potion            |       |     1 |     1 ||     2
Armor: Animal skin       |     6 |       |       ||     6
       Leather armour    |     4 |    11 |       ||    15
       Chain mail        |       |    31 |    76 ||   107
Dodge: Dodged            |    25 |    74 |    37 ||   136
Block: Kite shield       |       |     3 |    56 ||    59
